 Dungeon Crawl Stone Soup version 0.20-a0-269-g17f5411 (webtiles) character file.

1695 tbh1313 the Basher (level 9, -1/48 HPs)
             Began as a Gargoyle Gladiator on Dec 8, 2016.
             Slain by an orc warrior
             ... wielding a +0 trident
              (13 damage)
             ... on level 6 of the Dungeon.
             The game lasted 00:14:30 (7046 turns).

tbh1313 the Basher (Gargoyle Gladiator)             Turns: 7046, Time: 00:14:30

Health: -1/48      AC: 20    Str: 21    XL:     9   Next: 3%
Magic:  9/9        EV: 12    Int: 10    God:
Gold:   40         SH:  0    Dex: 10    Spells: 7/8 levels left

rFire  + . .     SeeInvis .     e - +0 whip (flame)
rCold  . . .     Gourm    .     b - +0 leather armour
rNeg   + . .     Faith    .     (no shield)
rPois  ∞         Spirit   .     c - +0 helmet
rElec  +         Reflect  .     h - +2 cloak
rCorr  .         Harm     .     m - +2 pair of gloves
MR     .....                    n - +1 pair of boots
Stlth  +.........               (no amulet)
                                r - +3 ring of protection
                                v - ring of protection from fire

@: about to teleport
A: negative energy resistance 1, electricity resistance, unbreathing,
petrification resistance, rot immunity, AC +5
a: no special abilities


You were on level 6 of the Dungeon.
You were not hungry.

You visited 1 branch of the dungeon, and saw 6 of its levels.
You also visited: Sewer.

You collected 344 gold pieces.
You spent 304 gold pieces at shops.


Innate Abilities, Weirdness & Mutations

You are resistant to torment.
Your stone body is resilient. (AC +5)
You are immune to poison.
You resist negative energy. (rN+)
You are resistant to electric shocks. (rElec)
You can survive without breathing.
You are immune to petrification.
You are immune to rotting.


   Skills:
 - Level 2.1 Fighting
 + Level 11.4 Maces & Flails
 - Level 1.7 Throwing
 - Level 2.4 Dodging


You had 7 spell levels left.
You knew the following spells:

 Your Spells              Type           Power        Failure   Level  Hunger
a - Magic Dart            Conj           #...         43%         1    ##.....


Dungeon Overview and Level Annotations

Branches:
Dungeon (6/15)
 Temple: D:4-7

Altars:
Qazlal

Shops:
D:5 [

Inventory:

Hand Weapons
 a - a +0 flail
 e - a +0 whip of flaming (weapon)
   (You took it off Pikel on level 4 of the Dungeon)
 l - a +1 whip
 o - a +0 club
 G - a cursed -3 whip
Missiles
 d - 2 throwing nets
 j - 9 tomahawks (quivered)
Armour
 b - a +0 leather armour (worn)
 c - a +0 helmet (worn)
 h - a +2 cloak (worn)
 m - a +2 pair of gloves (worn)
 n - a +1 pair of boots (worn)
 s - a +0 plate armour
 H - a +0 ring mail
Jewellery
 r - a +3 ring of protection (right hand)
 v - a ring of protection from fire (left hand)
 w - an uncursed ring of magical power
 D - an uncursed ring of positive energy
Wands
 t - a wand of polymorph (24/24)
 E - a wand of flame (27/48)
Scrolls
 k - 2 scrolls of recharging
 p - a scroll of teleportation
 x - 2 scrolls of identify
 y - a scroll of remove curse
 B - a scroll of enchant weapon
Potions
 q - a potion of magic
 A - a potion of flight
 C - a potion of resistance
Books
 u - a book of Conjurations
Comestibles
 f - 3 bread rations
 g - 3 fruits
 i - 4 meat rations
 z - a beef jerky

###.....5o..##..#
....###......gg#
#####...########
...##o### ##..#o#
##.#.# ## #.#o# ##..###
# #...# #####....... #
##>.#######oo.@.# #
#...o...##5o#####
###.#####.g..###### ##
...........##....?##..#
.......................
#.########........###.
#.# ####...>.# ..
#.#### #.....###..#
.....# #..........#


You could see an orc warrior, a gnoll, a shadow imp and 2 orcs.


Message History

Things that are here:
a dagger; a robe
Things that are here:
a glaive; a plate armour You see here a flail.
Found 8 gold pieces.
Found a stone staircase leading down.
You now have 40 gold pieces (gained 8).
Found a stone staircase leading down.
Found a meat ration and a whip.
Found 16 bolts and 14 sling bullets.
Found a twisted silver ring.
i - 4 meat rations (gained 1) HP restored.
Found a scroll of identify.
D - a twisted silver ring Put on which piece of jewellery? (? for menu, Esc to quit)
You're wearing all the rings you can.
Remove which one? (? for menu, Esc to cancel) < or
v - a ring of protection from fire; > or
r - a +3 ring of protection You remove your +3 ring of protection.
D - a ring of positive energy (right hand) Put on which piece of jewellery? (? for menu, Esc to quit)
You're wearing all the rings you can.
Remove which one? (? for menu, Esc to cancel) < or
v - a ring of protection from fire; > or
D - a ring of positive energy You remove your ring of positive energy.
r - a +3 ring of protection (right hand)
You see here 16 bolts.
x - 2 scrolls of identify (gained 1)
There is a stone staircase leading down here.
An orc warrior comes into view. It is wielding a trident.
An orc comes into view.
The orc shouts!
The orc moves out of view.
The orc warrior hits you with a trident!
A gnoll, an orc and a shadow imp come into view.
The gnoll is wielding a flail of protection.
The gnoll shouts!
The orc shouts!
You hit the orc warrior but do no damage.
The shadow imp moves out of view.
The gnoll moves out of view.
The orc warrior completely misses you.
A gnoll comes into view. It is wielding a spear.
You closely miss the orc warrior.
The gnoll shouts!
You hit the orc warrior but do no damage.
The gnoll moves out of view.
The orc warrior hits you with a trident!
A sky beast comes into view.
You closely miss the orc warrior.
The sky beast moves out of view.
A gnoll comes into view. It is wielding a flail.
You closely miss the orc warrior.
The gnoll shouts!
The orc warrior hits you but does no damage.
The orc warrior hits you but does no damage.
There is a stone staircase leading up here.
The orc warrior misses you.
You closely miss the orc warrior.
The orc warrior hits you with a trident!
* * * LOW HITPOINT WARNING * * *
You barely miss the orc warrior. You barely miss the orc warrior.
The orc warrior hits you with a trident!
* * * LOW HITPOINT WARNING * * *
You hit the orc warrior but do no damage.
Okay, then.
As you read the scroll of teleportation, it crumbles to dust.
You feel strangely unstable.
The orc warrior hits you but does no damage.
The orc warrior hits you from afar with a trident!
You die...

Vault maps used:
D:1:      dpeg_arrival_water_fire, serial_bayou_ford_a
D:2:      fountainhead, grunt_qazlal_sundering
D:3:      corexii_shack_village
D:4:      portal_sewer_entry_f, uniq_pikel
D:5:      serial_shops, shop, first_bread, minmay_misc_feat_diagonals
D:6:      supply_closet_lemuel
Sewer:    sewer_big_baddie

Notes
Turn   | Place    | Note
-------+----------+-------------------------------------------
     0 | D:1      | tbh1313 the Gargoyle Gladiator began the quest for the Orb.
     0 | D:1      | Reached XP level 1. HP: 12/12 MP: 1/1
   487 | D:1      | Reached XP level 2. HP: 17/17 MP: 2/2
   973 | D:2      | Found a stormy altar of Qazlal.
  1028 | D:2      | HP: 4/17 [worm (6)]
  1372 | D:2      | Reached skill level 4 in Maces & Flails
  1399 | D:2      | Reached XP level 3. HP: 15/21 MP: 3/3
  1531 | D:2      | HP: 5/21 [worm (2)]
  2266 | D:2      | Reached XP level 4. HP: 26/26 MP: 4/4
  2342 | D:2      | Reached skill level 5 in Maces & Flails
  2880 | D:3      | Reached XP level 5. HP: 13/30 MP: 5/5
  3192 | D:3      | Reached skill level 6 in Maces & Flails
  3794 | D:4      | Found a glowing drain.
  3820 | Sewer    | Entered a sewer
  3857 | Sewer    | Noticed a crocodile
  3884 | Sewer    | Killed a crocodile
  3884 | Sewer    | Reached XP level 6. HP: 18/35 MP: 6/6
  3908 | Sewer    | Learned a level 1 spell: Magic Dart
  4085 | D:4      | Reached skill level 7 in Maces & Flails
  4107 | D:4      | Noticed Pikel
  4107 | D:4      | Noticed a slave
  4108 | D:4      | Noticed a slave
  4115 | D:4      | Noticed a slave
  4131 | D:4      | HP: 6/35 [slave[Pikel] (3)]
  4133 | D:4      | Noticed a slave
  4137 | D:4      | HP: 6/35 [slave[Pikel] (6)]
  4151 | D:4      | HP: 11/52 [slave[Pikel] (3)]
  4154 | D:4      | Killed Pikel
  4154 | D:4      | Reached skill level 9 in Maces & Flails
  4154 | D:4      | Reached XP level 7. HP: 7/40 MP: 7/7
  4448 | D:4      | Reached XP level 8. HP: 31/44 MP: 8/8
  4833 | D:5      | Entered Level 5 of the Dungeon
  4846 | D:5      | Found Forchol's Antique Armour Boutique.
  5191 | D:5      | Noticed a hornet
  5693 | D:4      | HP: 11/44 [hornet (7)]
  5701 | D:4      | Killed a hornet
  5701 | D:4      | Reached skill level 10 in Maces & Flails
  6069 | D:5      | Bought a pair of embroidered boots for 304 gold pieces
  6489 | D:6      | Reached skill level 11 in Maces & Flails
  6666 | D:6      | HP: 11/44 [orc warrior/glaive (12)]
  6670 | D:6      | HP: 1/66 [orc warrior/glaive (16)]
  6678 | D:6      | Reached XP level 9. HP: 1/48 MP: 9/9
  7043 | D:6      | HP: 12/48 [orc warrior/trident (7)]
  7046 | D:6      | Slain by an orc warrior

Vanquished Creatures
  Pikel (D:4)
  A hornet (D:4)
  An orc warrior (D:6)
  A phantom (D:4)
  An ogre (D:6)
  A centaur (D:6)
  A crocodile (Sewer)
  A scorpion (D:6)
  4 killer bees
  A howler monkey (D:6)
  An orc priest (D:4)
  4 orc wizards
  8 adders
  An ooze (D:3)
  6 worms
  2 dart slugs (D:2)
  7 leopard geckos
  19 orcs
  A ball python (D:5)
  5 giant cockroaches
  9 goblins
  11 hobgoblins
  2 jackals (D:2)
  2 quokkas
  10 bats
  2 frilled lizards
  9 kobolds
  A leopard gecko skeleton (D:4)
  A leopard gecko zombie (D:5)
  9 rats
123 creatures vanquished.

Vanquished Creatures (others)
  3 slaves
  A worker ant (D:4)
  A leopard gecko (D:4)
  An orc (D:4)
  A quokka skeleton (D:4)
7 creatures vanquished.

Grand Total: 130 creatures vanquished

Action                   |  1- 3 |  4- 6 |  7- 9 || total
-------------------------+-------+-------+-------++-------
Melee: Flail             |    23 |       |       ||    23
       Whip              |   108 |   356 |   281 ||   745
       Club              |    25 |       |       ||    25
Throw: Throwing net      |     2 |       |       ||     2
       Tomahawk          |     2 |    15 |       ||    17
  Use: Scroll            |       |    10 |     9 ||    19
       Potion            |       |     8 |     2 ||    10
  Eat: Fruit             |     1 |       |       ||     1
       Chunk             |     3 |     7 |     4 ||    14
       Meat ration       |       |       |     1 ||     1
Armor: Leather armour    |    64 |   176 |   102 ||   342
Dodge: Dodged            |    80 |   222 |   129 ||   431
